 Dungeon Crawl Stone Soup version 0.31.0-11-ge490571c62 (webtiles) character file.

Game seed: 14515158379199118262

246 qw the Skirmisher (level 5, -2/29 HPs)
             Began as a Deep Elf Hunter on Feb 3, 2024.
             Was an Initiate of Okawaru.
             Slain by an ogre
             ... wielding a +0 giant spiked club
              (16 damage)
             ... on level 4 of the Dungeon.
             The game lasted 00:00:15 (3021 turns).

qw the Skirmisher (Deep Elf Hunter)                 Turns: 3021, Time: 00:00:16

Health: -2/29      AC:  6    Str: 10    XL:     5   Next: 84%
Magic:  7/7        EV: 12    Int: 14    God:    Okawaru [......]
Gold:   202        SH:  0    Dex: 24    Spells: 4/4 levels left

rFire   . . .        a - +0 shortbow
rCold   . . .        (shield currently unavailable)
rNeg    . . .        l - +0 ring mail
rPois   .            (no helmet)
rElec   .            b - +0 cloak
rCorr   .            (no gloves)
SInv    .            (no boots)
Will    .....        h - amulet of the acrobat
Stlth   ++           c - +6 ring of dexterity
HPRegen 0.24/turn    (no ring)
MPRegen 0.10/turn

%: acrobat
@: hasted, very quick
A: no striking features
a: Renounce Religion


You were on level 4 of the Dungeon.
You worshipped Okawaru.
Okawaru was noncommittal.
You visited 1 branch of the dungeon, and saw 5 of its levels.

You collected 202 gold pieces.


   Skills:
 + Level 1.6 Fighting
 - Level 9.0 Ranged Weapons
 - Level 3.5 Dodging
 - Level 1.2 Stealth


You had 4 spell levels left.
You didn't know any spells.
Your spell library was empty.

Inventory:

Hand Weapons
 a - a +0 shortbow (weapon)
Armour
 b - a +0 cloak (worn)
 l - a +0 ring mail (worn)
Jewellery
 c - a +6 ring of dexterity (left hand)
 h - an amulet of the acrobat (around neck)
 j - an amulet of guardian spirit
Potions
 d - a potion of cancellation {unknown}
 e - a potion of magic
 f - 3 potions of curing
 i - a potion of berserk rage {unknown}
 k - a potion of resistance {unknown}
 m - a potion of might {unknown}

Dungeon Overview and Level Annotations

Branches:
Dungeon (5/15)
 Temple: D:4-7

Altars:
Ashenzari
Cheibriados
Dithmenos
Gozag
Hepliaklqana
Makhleb
Nemelex Xobeh
Okawaru
Sif Muna
Trog
Wu Jian
Xom

Shops:
D:4 :


Message History

You shoot an arrow. The arrow completely misses the orc.
The orc misses you. The orc hits you with a +0 mace.
You shoot an arrow. The arrow closely misses the orc.
The orc closely misses you. The orc misses you.
You shoot an arrow. The arrow hits the orc.
The orc is lightly wounded.
The orc hits you with a +0 whip. The orc hits you but does no damage.
You shoot an arrow. The arrow hits the orc.
The orc is moderately wounded.
The orc hits you with a +0 whip. The orc misses you.
You shoot an arrow. The arrow hits the orc!
You kill the orc!
Okawaru accepts your kill. The orc hits you with a +0 whip.
You shoot an arrow. The arrow hits the orc!
You kill the orc!
Okawaru accepts your kill.
You start resting.
HP restored.
You climb downwards.
The ogre closely misses you. The orc hits you but does no damage.
The orc priest looks satisfied for a moment.
There is a stone staircase leading up, spattered with blood here.
3016 ||| STAIRDANCE The orc hits you with a +0 dagger.
The ogre hits you with a +0 giant spiked club!
You climb upwards.
There is a stone staircase leading down here.
3018 ||| DRINKING potion of haste.
You feel yourself speed up. The orc barely misses you.
You shoot an arrow. The arrow hits the ogre.
The ogre is lightly wounded.
The orc hits you with a +0 dagger. The ogre misses you.
You shoot an arrow. The arrow closely misses the ogre.
The orc hits you but does no damage.
You shoot an arrow. The arrow hits the ogre.
The ogre is moderately wounded.
The ogre hits you with a +0 giant spiked club!
Ouch! That really hurt!
You die...

..#....# #......... ..#....#
#......... ..'....# #.........
..#....# #......... ..#....#
#.........
..#...####################'####'#
..######.......#....#......)###.#
..# #.......#[)..#......>#....
..# #.......#@o..#.....).#....
..# #.......O....#.......#....
..# #.......#....#.......#....
..# #.......#....'.......#....
%.# #.......###+##.......#...#
..# #####'###.......##########
..# #.....#.......# ..#
#.....#.......# ..#
#.....+.......#


You could see an ogre and an orc.

Vanquished Creatures
  An iguana (D:4)
  4 gnolls
  9 adders
  2 dart slugs
  3 ribbon worms
  6 orcs (D:4)
  4 bats
  9 endoplasms
  7 giant cockroaches
  10 goblins
  6 hobgoblins
  5 kobolds
  2 quokkas
  8 ball pythons
  2 frilled lizards (D:3)
  4 rats
82 creatures vanquished.

Notes
Turn   | Place    | Note
-------+----------+-------------------------------------------
     0 | D:1      | qw the Deep Elf Hunter began the quest for the Orb.
     0 | D:1      | Reached XP level 1. HP: 12/12 MP: 3/3
     0 | D:1      | 0 ||| qw: Version: 0.3-a-157-g843a77d
     0 | D:1      | 0 ||| qw: Game counter: 4033
     0 | D:1      | 0 ||| qw: Melee chars always use a shield: true
     0 | D:1      | 0 ||| qw: God list: Okawaru
     0 | D:1      | 0 ||| qw: Allow faded altars: false
     0 | D:1      | 0 ||| qw: Do Orc after clearing Dungeon:15 true
     0 | D:1      | 0 ||| qw: Do second Lair branch before Depths: true
     0 | D:1      | 0 ||| qw: Lair rune preference: random
     0 | D:1      | 0 ||| qw: Goals: Normal
     0 | D:1      | 0 ||| PLANNING D:1-11
   117 | D:1      | Reached skill level 6 in Ranged Weapons
   117 | D:1      | Reached XP level 2. HP: 16/16 MP: 4/4
   117 | D:1      | Found a faded altar of an unknown god.
   436 | D:1      | Reached XP level 3. HP: 20/20 MP: 5/5
   725 | D:1      | 725 ||| UPGRADING to +0 ring mail.
   735 | D:1      | 735 ||| DROPPING +0 leather armour.
   736 | D:1      | 736 ||| READING scroll labelled XISEINT KIPYGH.
   737 | D:1      | 737 ||| READING scroll labelled FYEXYSS RUTU.
   838 | D:1      | 838 ||| READING scroll labelled VAQETO NUAQOGG.
   839 | D:1      | 839 ||| READING scroll labelled KUOPEHIROE.
   839 | D:1      | 839 ||| IDENTIFYING purple potion
   840 | D:1      | 840 ||| READING scroll labelled NENNEC COICRIG.
   841 | D:1      | 841 ||| READING scroll labelled YNYAZXOKOV.
   942 | D:1      | 942 ||| READING scroll labelled MUZISY USEBOA.
   943 | D:1      | 943 ||| DRINKING 2 bubbling clear potions.
   944 | D:1      | 944 ||| DROPPING scroll of butterflies.
  1076 | D:2      | Reached skill level 7 in Ranged Weapons
  1239 | D:2      | Reached XP level 4. HP: 25/25 MP: 6/6
  1435 | D:2      | 1435 ||| READING 3 scrolls of identify.
  1435 | D:2      | 1435 ||| IDENTIFYING fizzy clear potion
  1436 | D:2      | 1436 ||| READING 2 scrolls of identify.
  1436 | D:2      | 1436 ||| IDENTIFYING orange potion
  1437 | D:2      | 1437 ||| READING scroll of identify.
  1437 | D:2      | 1437 ||| IDENTIFYING puce potion
  1438 | D:2      | 1438 ||| READING scroll labelled HAONE NUMIR.
  1439 | D:2      | 1439 ||| DROPPING potion of invisibility.
  1440 | D:2      | 1440 ||| DROPPING potion of attraction.
  1442 | D:2      | 1442 ||| Stepping ~*~*~tactically~*~*~ (cloud).
  1446 | D:2      | HP: 6/25 [poisoned by you (poison gas)]
  1710 | D:3      | Reached skill level 8 in Ranged Weapons
  1771 | D:3      | Found a snail-covered altar of Cheibriados.
  1774 | D:3      | Found an iron altar of Okawaru.
  1775 | D:3      | 1775 ||| PLANNING OKAWARU WORSHIP
  1775 | D:3      | 1775 ||| UPGRADING to +0 cloak.
  1780 | D:3      | 1780 ||| UPGRADING to amulet of guardian spirit.
  1785 | D:3      | 1785 ||| UPGRADING to +6 ring of dexterity.
  1786 | D:3      | 1786 ||| DROPPING ring of magical power.
  1787 | D:3      | 1787 ||| READING scroll labelled HUTAPPEUNT.
  1824 | D:3      | 1824 ||| DRINKING 2 sedimented orange potions.
  1825 | D:3      | 1825 ||| DROPPING potion of magic.
  1826 | D:3      | Found an ornate altar of the Wu Jian Council.
  1826 | D:3      | Found a hazy altar of Hepliaklqana.
  1826 | D:3      | Found a bloodstained altar of Trog.
  1827 | D:3      | Found an opulent altar of Gozag.
  1828 | D:3      | Found a broken altar of Ashenzari.
  1828 | D:3      | Found a burning altar of Makhleb.
  1829 | D:3      | Found a shadowy altar of Dithmenos.
  1830 | D:3      | Found a sparkling altar of Nemelex Xobeh.
  1830 | D:3      | Found a shimmering altar of Xom.
  1833 | D:3      | Became a worshipper of Warmaster Okawaru
  1834 | D:3      | 1834 ||| PLANNING D:1-11
  1834 | D:3      | 1834 ||| REMOVING amulet of guardian spirit.
  2053 | D:3      | Found a shimmering blue altar of Sif Muna.
  2065 | D:3      | 2065 ||| UPGRADING to amulet of the acrobat.
  2070 | D:3      | 2070 ||| READING scroll labelled POSOVV KUOFO.
  2092 | D:4      | Found Xithrypiyp's Self-Improvement Boutique.
  2105 | D:4      | Reached skill level 3 in Dodging
  2105 | D:4      | Reached XP level 5. HP: 21/29 MP: 7/7
  2105 | D:4      | 2105 ||| FLEEEEING.
  2106 | D:4      | 2106 ||| FLEEEEING.
  2107 | D:4      | 2107 ||| FLEEEEING.
  2108 | D:4      | 2108 ||| FLEEEEING.
  2109 | D:4      | 2109 ||| FLEEEEING.
  2110 | D:4      | 2110 ||| STAIRDANCE
  2137 | D:4      | 2137 ||| STAIRDANCE
  2142 | D:3      | HP: 4/29 [gnoll/+4 whip (9)]
  2143 | D:3      | 2143 ||| DRINKING potion of heal wounds.
  2169 | D:4      | 2169 ||| STAIRDANCE
  2318 | D:4      | 2318 ||| FLEEEEING.
  2889 | D:5      | Entered Level 5 of the Dungeon
  2890 | D:5      | 2890 ||| STAIRDANCE
  2950 | D:5      | 2950 ||| STAIRDANCE
  2950 | D:5      | Noticed an ogre
  2957 | D:4      | Reached skill level 9 in Ranged Weapons
  2959 | D:5      | 2959 ||| STAIRDANCE
  2959 | D:5      | Noticed a phantom
  3016 | D:5      | 3016 ||| STAIRDANCE
  3018 | D:4      | 3018 ||| DRINKING potion of haste.
  3021 | D:4      | Slain by an ogre

Levels and vault maps discovered:
D:1:      dpeg_arrival_prison, layout_loops_ring,
          dreamdust_ecumenical_altar_statues
D:2:      layout_rooms, minmay_diced_spiral
D:3:      layout_rooms, hellmonk_sif_muna_bookshelves, nicolae_overflows_in_rows
D:4:      layout_gridville, nicolae_shop_self_help
D:5:      layout_rooms

Skill      XL: |  1  2  3  4  5 |
---------------+----------------+-----
Ranged Weapons | 6 7 8 9 |  9.0
Dodging        | 3 |  3.5
Fighting       | |  1.6
Stealth        | |  1.2

Action                     |  1- 3 |  4- 6 || total
---------------------------+-------+-------++-------
   Fire: Shortbow          |   118 |   146 ||   264
    Use: Scroll            |     7 |     6 ||    13
         Potion            |     1 |     3 ||     4
 Armour: Leather armour    |    10 |       ||    10
         Ring mail         |    10 |    43 ||    53
  Dodge: Dodged            |    32 |    41 ||    73

Table legend:
 A = Non-vault XP
 B = Vault XP
 C = Vault XP percentage of total XP
 D = Non-vault monster count
 E = Vault monster count
 F = Vault count percentage of total count
                 A         B        C        D         E       F
            +---------+---------+-------+---------+---------+-------
      Total |     325 |      27 |   7.7 |      74 |       8 |   9.8
            +---------+---------+-------+---------+---------+-------
        D:1 |      37 |       7 |  15.9 |      20 |       4 |  16.7
        D:2 |      43 |      20 |  31.7 |      17 |       4 |  19.0
        D:3 |      81 |       0 |   0.0 |      17 |       0 |   0.0
        D:4 |     164 |       0 |   0.0 |      20 |       0 |   0.0
            +---------+---------+-------+---------+---------+-------
